 Dungeon Crawl Stone Soup version 0.30.0-5-g1a98f26d00 (webtiles) character file.

Game seed: 3829528609339167785

4932 cheesebisquit the Warrior (level 10, -13/94 HPs)
             Began as a Grey Draconian Fire Elementalist on May 10, 2023.
             Was a Priest of Hepliaklqana.
             Mangled by a boulder beetle (40 damage)
             ... on level 9 of the Dungeon.
             The game lasted 00:32:41 (9708 turns).

cheesebisquit the Warrior (DrFE)                    Turns: 9708, Time: 00:32:42

Health: -13/94     AC: 18    Str: 10    XL:     10   Next: 27%
Magic:  11/14      EV: 12    Int: 19    God:    Hepliaklqana [***...]
Gold:   491        SH:  0    Dex: 13    Spells: 12/15 levels left

rFire   + . .        o - +2 whip (elec)
rCold   . . .        (no shield)
rNeg    . . .        (body armour unavailable)
rPois   .            (helmet restricted)
rElec   .            M - +0 cloak
rCorr   .            l - +0 pair of gloves
SInv    .            (no boots)
Will    .....        (no amulet)
Stlth   ++           d - +4 ring of protection
HPRegen 0.35/turn    k - ring of protection from fire
MPRegen 0.14/turn

%: no passive effects
@: studying Unarmed Combat
A: reduced essence, AC +12, amphibious, unfitting armour, cold-blooded
a: Renounce Religion, Recall Ancestor, Ancestor Identity, Transference


You were on level 9 of the Dungeon.
You worshipped Hepliaklqana.
Hepliaklqana was most pleased with you.
You visited 2 branches of the dungeon, and saw 10 of its levels.
You also visited: Sewer.

You collected 547 gold pieces.
You spent 56 gold pieces at shops.

Inventory:

Hand Weapons
 j - a +2 dagger of venom
 n - a +1 heavy mace
 o - a +2 whip of electrocution (weapon)
 p - a +0 trident of distortion
 O - a +3 trident of freezing
Missiles
 t - 12 poisoned darts
 x - a curare-tipped dart
Armour
 e - a +0 buckler
 l - a +0 pair of gloves (worn)
 M - a +0 cloak (worn)
Jewellery
 d - a +4 ring of protection (left hand)
 k - a ring of protection from fire (right hand)
 C - the Hermit's Pendant {Faith Invo=14 Evo=0 MP+5}
   (You found it on level 5 of the Dungeon)

   [amulet of faith]

   Invo=14: It sets your Invocations skill to 14.
   Evo=0: It sets your Evocations skill to 0.
   It allows you to gain divine favour quickly.
   MP:        It affects your magic capacity (+5).
Wands
 E - a wand of charming (11)
 F - a wand of flame (27)
 N - a wand of mindburst (11)
 Q - a wand of iceblast (10)
Scrolls
 a - 3 scrolls of teleportation
 i - a scroll of poison
 q - 2 scrolls of noise
 r - a scroll of silence {unknown}
 y - a scroll of magic mapping
 z - 2 scrolls of fear {unknown}
 B - 4 scrolls of blinking
 G - 2 scrolls of fog {unknown}
 I - 2 scrolls of immolation
 J - a scroll of butterflies {unknown}
 L - a scroll of torment {unknown}
 P - a scroll of acquirement {unknown}
Potions
 b - 2 potions of ambrosia
 c - 4 potions of curing
 f - 4 potions of cancellation
 g - a potion of attraction
 h - 3 potions of might
 m - 5 potions of magic
 s - 2 potions of brilliance
 u - a potion of haste
 v - a potion of invisibility
 w - a potion of resistance
 A - a potion of mutation
 D - 2 potions of degeneration
 K - a potion of lignification


   Skills:
 + Level 15.2 Fighting
 - Level 1.7 Dodging
 - Level 1.7 Stealth
 + Level 3.3 Spellcasting
 - Level 1.0 Conjurations
 - Level 3.0 Fire Magic
 * Level 4.8 Earth Magic


You had 12 spell levels left.
You knew the following spells:

 Your Spells              Type           Power      Damage    Failure   Level
a - Foxfire               Conj/Fire      40%        2x1d6     7%          1
b - Passwall              Tmut/Erth      10%        N/A       9%          2

Your spell library contained the following spells:

 Spells                   Type           Power      Damage    Failure   Level
 Scorch                   Fire           28%        2d6       7%          2
 Searing Ray              Conj           12%        2d4       14%         2
 Ensorcelled Hibernation  Hex/Ice        6%         N/A       22%         2
 Inner Flame              Hex/Fire       8%         N/A       24%         3
 Volatile Blastmotes      Fire/Tloc      16%        2d11      24%         3
 Spider Form              Tmut/Pois      3%         N/A       41%         3
 Swiftness                Air            3%         N/A       41%         3
 Flame Wave               Conj/Fire      10%        2d6       54%         4
 Necromutation            Tmut/Necr      1%         N/A       100%        8


Dungeon Overview and Level Annotations

Branches:
Dungeon (9/15)             Temple (1/1) D:4           Sewer (visited)
   Lair: D:8-11         Orc: D:9-12

Altars:
Ashenzari
Cheibriados
Dithmenos
Elyvilon
Gozag
Hepliaklqana
Kikubaaqudgha
Makhleb
Nemelex Xobeh
Okawaru
Qazlal
Ru
Sif Muna
Trog
Uskayaw
Vehumet
Wu Jian
Xom
Yredelemnul
Zin
The Shining One

Shops:
D:2 *[?

Annotations:
D:4 1 runed translucent door, Crazy Yiuf


Innate Abilities, Weirdness & Mutations

Your life essence is reduced to manifest your ancestor. (-10% HP)
Your dull iron-grey scales are very hard. (AC +12)
You are amphibious.
You cannot fit into any form of body armour.
You are cold-blooded and may be slowed by cold attacks.


Message History

The boulder beetle curls into a ball and begins rolling!
The skeletal warrior hits you with a +0 mace.
You hit the skeletal warrior but do no damage.
Your tail-slap misses the skeletal warrior.
The skeletal warrior is moderately damaged.
The foxfire hits the skeletal warrior but does no damage.
The skeletal warrior is moderately damaged.
The foxfire hits the skeletal warrior but does no damage.
The skeletal warrior is moderately damaged.
Muriel closely misses the skeletal warrior.
The skeletal warrior closely misses you.
You conjure some foxfire!
The skeletal warrior hits you but does no damage.
Muriel closely misses the skeletal warrior.
You hit the skeletal warrior but do no damage.
The skeletal warrior is moderately damaged.
The foxfire hits the skeletal warrior but does no damage.
The skeletal warrior is moderately damaged.
The foxfire hits the skeletal warrior but does no damage.
The skeletal warrior is moderately damaged.
The boulder beetle hits you!!
The boulder beetle stops rolling and uncurls.
The skeletal warrior closely misses you.
Okay, then.
The boulder beetle attacks as you move away!
The boulder beetle closely misses you.
Muriel misses the skeletal warrior.
The boulder beetle bites Muriel but does no damage.
The skeletal warrior hits Muriel with a +0 mace!
The skeletal warrior hits Muriel with a +0 mace!
Muriel is destroyed!
The boulder beetle curls into a ball and begins rolling!
There is a large open door here.
The boulder beetle attacks as you move away!
The boulder beetle hits you!
* * * LOW HITPOINT WARNING * * *
The boulder beetle stops rolling and uncurls.
The boulder beetle curls into a ball and begins rolling!
The boulder beetle attacks as you move away!
The boulder beetle hits you!!!
You die...

........))...# .............#
...............# #....
...............# #.....
...............# #......
...............# ##.......
...............# ##........
...............#######.........
...........<....@B°..#.........
...................z.#○.○....#
...................#.'........≈
####...............#.'.......$≈
#...............###.......#(
#...............# #.........
####...............###....$....
.....................##........
#####.................##.......


You could see a boulder beetle (rolling) and a skeletal warrior.

Vanquished Creatures
  A yak (D:9)
  Sigmund (D:4)
  A wyvern (D:9)
  2 steam dragons
  A water moccasin (D:6)
  Duvessa (D:4)
  2 orc warriors
  2 black bears (D:7)
  A sky beast (D:6)
  A centaur (D:9)
  4 kobold brigands (Sewer)
  A scorpion (D:5)
  3 bullfrogs
  A gnoll sergeant (D:9)
  5 wights
  Dowan (D:4)
  4 killer bees (D:9)
  3 howler monkeys (D:8)
  2 hounds
  4 jellies
  3 orc priests (D:4)
  2 iguanas (D:6)
  5 orc wizards
  A gnoll (D:9)
  13 adders
  4 river rats
  A white imp (D:5)
  2 worms
  3 dart slugs
  15 orcs
  2 bats (D:4)
  7 endoplasms
  4 giant cockroaches
  3 hobgoblins
  15 jackals
  8 kobolds
  3 quokkas
  8 ball pythons
  4 frilled lizards
  9 goblins
  11 rats
164 creatures vanquished.

Vanquished Creatures (collateral kills)
  2 yaks (D:9)
  An ice beast (D:6)
  A black bear (D:6)
  2 centaurs (D:8)
  A phantom (D:4)
  A bullfrog (D:6)
  3 scorpions
  6 wights
  A killer bee (D:9)
  3 howler monkeys (D:8)
  2 orc priests
  An orc wizard (D:5)
  3 gnolls (D:9)
  2 adders
  A shadow imp (D:6)
  A white imp (D:7)
  A dart slug (D:4)
  6 orcs
  A quokka (D:4)
  A frilled lizard (Sewer)
  2 foxfires (Sewer)
42 creatures vanquished.

Vanquished Creatures (others)
  2 knights (D:9)
  3 ancestors (D:4)
  594 foxfires
599 creatures vanquished.

Grand Total: 805 creatures vanquished

Notes
Turn   | Place    | Note
-------+----------+-------------------------------------------
     0 | D:1      | cheesebisquit the Draconian Fire Elementalist began the
                  | quest for the Orb.
     0 | D:1      | Reached XP level 1. HP: 14/14 MP: 3/3
    65 | D:1      | Reached skill level 1 in Fighting
   186 | D:1      | Reached XP level 2. HP: 24/24 MP: 3/5
   193 | D:1      | Reached skill level 2 in Fighting
   607 | D:1      | Reached skill level 3 in Fighting
   607 | D:1      | Reached XP level 3. HP: 31/31 MP: 3/6
  1498 | D:2      | Found Zitiuso's Magic Scroll Boutique.
  1517 | D:2      | Bought a scroll of identify for 28 gold pieces
  1517 | D:2      | Bought a scroll of identify for 28 gold pieces
  1676 | D:2      | Found a hazy altar of Hepliaklqana.
  1681 | D:2      | Found Alajezxu's General Store.
  1687 | D:2      | Became a worshipper of Hepliaklqana the Forgotten
  1721 | D:2      | Reached skill level 4 in Fighting
  1721 | D:2      | Reached XP level 4. HP: 40/40 MP: 3/7
  1786 | D:2      | Found Botosen's Assorted Antiques.
  1980 | D:2      | Found Ynatz's Armour Boutique.
  2277 | D:3      | Found a radiant altar of Vehumet.
  2367 | D:3      | Reached skill level 5 in Fighting
  2383 | D:3      | Reached XP level 5. HP: 31/48 MP: 1/8
  2913 | D:3      | Got the Teachings on Bruises and the Shift
  2963 | D:3      | Reached * piety under Hepliaklqana
  3066 | D:3      | Found an ornate altar of the Wu Jian Council.
  3182 | D:4      | Noticed a phantom
  3202 | D:4      | Killed a phantom
  3203 | D:4      | Reached skill level 6 in Fighting
  3241 | D:4      | Found a runed translucent door.
  3242 | D:4      | Noticed Crazy Yiuf
  3271 | D:4      | Reached XP level 6. HP: 42/52 MP: 5/9
  3412 | D:4      | Reached skill level 7 in Fighting
  3630 | D:4      | Found a glowing drain.
  3646 | Sewer    | Entered a sewer
  3773 | Sewer    | Reached skill level 8 in Fighting
  3773 | Sewer    | Your scales start taking on a dull iron-grey colour.
  3773 | Sewer    | Reached XP level 7. HP: 30/61 MP: 10/10
  4218 | Sewer    | Reached skill level 9 in Fighting
  4553 | D:4      | Noticed Sigmund
  4590 | D:4      | Killed Sigmund
  4630 | D:4      | Noticed Duvessa
  4654 | D:4      | Killed Duvessa
  4654 | D:4      | Noticed Dowan
  4655 | D:4      | Reached skill level 10 in Fighting
  4655 | D:4      | Found a hide-covered altar of Uskayaw.
  4660 | D:4      | Found a glowing silver altar of Zin.
  4661 | D:4      | Found an opulent altar of Gozag.
  4662 | D:4      | Found a sacrificial altar of Ru.
  4667 | D:4      | Killed Dowan
  4668 | D:4      | Reached XP level 8. HP: 53/71 MP: 11/11
  4786 | D:4      | Found a staircase to the Ecumenical Temple.
  4795 | Temple   | Entered the Ecumenical Temple
  5428 | D:4      | Found a bloodstained altar of Trog.
  5569 | D:5      | Entered Level 5 of the Dungeon
  5794 | D:5      | Reached ** piety under Hepliaklqana
  5795 | D:5      | Remembered your ancestor Muriel as a knight
  5860 | D:5      | Found the Hermit's Pendant {Faith Invo=14 Evo=0 MP+5}
  5937 | D:5      | Reached skill level 11 in Fighting
  6910 | D:6      | Reached skill level 12 in Fighting
  7021 | D:6      | Reached XP level 9. HP: 49/82 MP: 5/12
  7592 | D:7      | Reached skill level 13 in Fighting
  7827 | D:7      | Found an ancient bone altar of Kikubaaqudgha.
  8017 | D:7      | Found a shimmering blue altar of Sif Muna.
  8110 | D:7      | Reached *** piety under Hepliaklqana
  8237 | D:8      | Reached skill level 14 in Fighting
  8676 | D:8      | Learned a level 2 spell: Passwall
  8838 | D:9      | Reached skill level 15 in Fighting
  8838 | D:9      | Reached skill level 1 in Earth Magic
  8958 | D:9      | Found a shimmering altar of Xom.
  8964 | D:9      | Found a shadowy altar of Dithmenos.
  8967 | D:9      | Found a burning altar of Makhleb.
  8967 | D:9      | Found a white marble altar of Elyvilon.
  8974 | D:9      | Found an iron altar of Okawaru.
  9012 | D:9      | HP: 4/82 [orc warrior/+0 battleaxe (9)]
  9285 | D:9      | Reached XP level 10. HP: 85/92 MP: 8/13
  9689 | D:9      | Noticed a skeletal warrior
  9695 | D:9      | Noticed a boulder beetle
  9708 | D:9      | Mangled by a boulder beetle

Illustrated notes

Levels and vault maps discovered:
D:1:      dpeg_arrival_stonehenge_12_columns, layout_loops_ring,
          minmay_fountain_box
D:2:      layout_basic, serial_shops, nicolae_shop_overgrown_old_shop, shop,
          shop, nicolae_shop_tiny_waterfront, basic_altar
D:3:      layout_basic, vehumet_crystals, general_overflow_altar,
          grunt_decor_cap, minmay_quadrilaterals
D:4:      nicolae_cairo_tiling_large_dashed, layout_loops_ring, bloody_trog,
          mainiacjoe_overflow_alcove_3, minmay_temple_entry_grid,
          cheibrodos_sewer_entry_sluice, guppyfry_early_orc_mine, uniq_sigmund,
          uniq_crazy_yiuf_cottage, uniq_duvessa
D:5:      layout_basic
D:6:      layout_cave_pools, skrybe_limestone_x
D:7:      layout_rooms, lemuel_coloured_pillars_altar,
          mainiacjoe_overflow_alcove_2
D:8:      layout_rooms, serial_glass, glass_columns_c, glass_columns_c,
          minmay_tree_intersection, minmay_manual_mares
D:9:      kennysheep_big_flooded_room, layout_long_grid,
          nicolae_hepliaklqana_hippocampus, nicolae_overflow_hallway_of_the_gods
Temple:   hellmonk_temple_flake

Skill      XL: |  1  2  3  4  5  6  7  8  9 10 |
---------------+-------------------------------+-----
Fighting       | 1 3 4 5 6 8 10 12 15 | 15.2
Earth Magic    | 2 4 |  4.8
Spellcasting   | 3 |  3.3
Dodging        | |  1.7
Stealth        | |  1.7
Conjurations   | |  1.0
Fire Magic     | |  3.0

Action                     |  1- 3 |  4- 6 |  7- 9 | 10-12 || total
---------------------------+-------+-------+-------+-------++-------
  Melee: Unarmed           |    24 |       |       |       ||    24
         Dagger            |    26 |    26 |       |       ||    52
         Tailslap          |     8 |    10 |    34 |     2 ||    54
         Whip              |       |    46 |   204 |    17 ||   267
         Punch             |       |       |     1 |       ||     1
   Cast: Foxfire           |    68 |    66 |   183 |    34 ||   351
 Invoke: Ancestor Life: Kn |       |       |     1 |       ||     1
    Use: Potion            |     1 |       |     6 |       ||     7
         Scroll            |     5 |     1 |    12 |       ||    18
   Stab: Sleeping          |       |     1 |       |       ||     1
         Distracted        |       |       |     1 |       ||     1
 Armour: Skin              |    23 |    45 |   172 |    32 ||   272
  Dodge: Dodged            |    53 |    44 |   175 |    35 ||   307
